 Dungeon Crawl Stone Soup version 0.29-a0-962-gc8bbfd0a37 (webtiles) character file.

Game seed: 9766468306172566129

39 Armakuni the Charlatan (level 3, -1/31 HPs)
             Began as a Meteoran Wanderer on July 30, 2022.
             Slain by a hobgoblin (5 damage)
             ... on level 2 of the Dungeon.
             The game lasted 00:02:28 (1112 turns).

Armakuni the Charlatan (Meteoran Wanderer)          Turns: 1112, Time: 00:02:28

Health: -1/31      AC:  2    Str: 13    XL:     3   Next: 94%
Magic:  6/6        EV: 11    Int: 14    God:
Gold:   9          SH:  0    Dex: 15    Spells: 3/4 levels left

rFire   . . .      SeeInvis .   a - +0 dagger
rCold   . . .      Faith    .   (no shield)
rNeg    . . .      Spirit   .   e - +0 robe
rPois   .          Reflect  .   (no helmet)
rElec   .          Harm     .   (no cloak)
rCorr   +          Rampage  .   (no gloves)
Will    .....                   (no boots)
Stlth   +.........              (no amulet)
HPRegen 0.10/turn               K - ring of resist corrosion
MPRegen 0.10/turn               (no ring)

@: glowing
A: sense surroundings 1, otherworldly, glowing, explore regen
a: no special abilities


You were on level 2 of the Dungeon.
You visited 1 branch of the dungeon, and saw 3 of its levels.

You collected 9 gold pieces.

Inventory:

Hand Weapons
 a - a +0 dagger (weapon)
Missiles
 b - 6 boomerangs (quivered)
Armour
 e - a +0 robe (worn)
Jewellery
 K - a ring of resist corrosion (left hand)
Scrolls
 d - 2 scrolls of vulnerability {unknown}
 g - a scroll of immolation {unknown}
 i - a scroll of amnesia {unknown}
 j - a scroll of identify {unknown}
Potions
 f - a potion of flight {unknown}
 h - 2 potions of haste {unknown}
Miscellaneous
 c - a box of beasts


   Skills:
 + Level 3.6 Fighting
 - Level 1.2 Throwing
 - Level 1.2 Armour
 - Level 1.3 Spellcasting
 - Level 1.2 Poison Magic
 - Level 1.2 Invocations
 - Level 4.8 Evocations


You had 3 spell levels left.
You knew the following spells:

 Your Spells              Type           Power      Damage    Failure   Level
a - Sting                 Tmut/Pois      8%         1d3       21%         1

Your spell library contained the following spells:

 Spells                   Type           Power      Damage    Failure   Level
 Ignite Poison            Fire/Tmut/Pois 2%         N/A       54%         3
 Inner Flame              Hex/Fire       0%         N/A       58%         3
 Cause Fear               Hex            0%         N/A       94%         4
 Discord                  Hex            0%         N/A       100%        8


Dungeon Overview and Level Annotations

Branches:
Dungeon (3/15) Zot: 686

Altars:


Innate Abilities, Weirdness & Mutations

You passively map a small area around you.
You are easily found by Zot.
You glow in the dark.
You regain HP and MP as you explore.


Message History

The bat hits you but does no damage. The bat hits you.
The hobgoblin barely misses you.
The giant cockroach bites you but does no damage.
You hit the giant cockroach but do no damage.
The bat hits you but does no damage. The bat closely misses you.
The hobgoblin hits you. The giant cockroach bites you.
You closely miss the giant cockroach. The bat closely misses you.
The bat barely misses you. The hobgoblin hits you.
The giant cockroach closely misses you.
You barely miss the giant cockroach. The bat closely misses you.
The bat hits you but does no damage. The giant cockroach closely misses you.
The bat closely misses you. The hobgoblin closely misses you.
You closely miss the giant cockroach. The bat barely misses you.
The bat hits you. The giant cockroach bites you.
The bat hits you but does no damage. The hobgoblin hits you.
* * * LOW HITPOINT WARNING * * *
The bat hits you but does no damage. The giant cockroach closely misses you.
You hit the giant cockroach but do no damage.
The bat hits you.
* * * LOW HITPOINT WARNING * * *
The bat hits you but does no damage. The hobgoblin hits you.
* * * LOW HITPOINT WARNING * * *
The giant cockroach misses you.
You hit the giant cockroach.
The giant cockroach is heavily wounded.
The bat closely misses you. The bat completely misses you.
The hobgoblin hits you but does no damage.
The giant cockroach bites you but does no damage.
The bat hits you but does no damage.
You completely miss the giant cockroach.
The giant cockroach is heavily wounded.
The bat misses you. The bat closely misses you.
The hobgoblin closely misses you. The giant cockroach barely misses you.
You hit the giant cockroach.
The giant cockroach is severely wounded.
The bat hits you.
* * * LOW HITPOINT WARNING * * *
The bat barely misses you. The giant cockroach misses you.
The hobgoblin hits you.
You die...

, , #.#≈≈≈..≈. *
#.P≈≈♣≈.≈., * *
##...≈≈≈≈.P ,, ,
,...≈.≈≈≈≈. , *
#.P≈≈≈≈≈P.
######...≈≈≈P≈P
#......b≈..≈≈≈.
#.####.gb≈≈P≈♣.,
, ,
#....B@.♣≈≈≈P..
#######..P.P...
#####.#.. .# . #
, * , *


You could see a giant cockroach, a hobgoblin and 2 bats.

Vanquished Creatures
  2 dart slugs (D:1)
  5 ball pythons
  4 endoplasms (D:1)
  3 giant cockroaches (D:1)
  6 goblins
  2 bats (D:1)
  3 frilled lizards (D:1)
  5 kobolds (D:1)
  2 rats (D:1)
32 creatures vanquished.

Vanquished Creatures (others)
  5 plants
5 creatures vanquished.

Grand Total: 37 creatures vanquished

Notes
Turn   | Place    | Note
-------+----------+-------------------------------------------
     0 | D:1      | Armakuni the Meteoran Wanderer began the quest for the Orb.
     0 | D:1      | Armakuni set off with the following items: a +0 dagger, 6
                  | boomerangs, a box of beasts, a scroll of fear, a +0 robe;
                  | and the following spell memorised: Sting; and the following
                  | spells available to memorise: Ignite Poison.
     0 | D:1      | Reached XP level 1. HP: 16/16 MP: 3/3
   329 | D:1      | Reached XP level 2. HP: 21/24 MP: 5/5
   611 | D:1      | Reached XP level 3. HP: 21/30 MP: 6/6
   711 | D:1      | Found a faded altar of an unknown god.
   712 | D:1      | Noticed a great orb of eyes
   713 | D:1      | Noticed a great orb of eyes
   719 | D:1      | Noticed a golden eye
   731 | D:1      | Noticed a floating eye
  1112 | D:2      | Slain by a hobgoblin

Illustrated notes

Levels and vault maps discovered:
D:1:      tarquinn_simple_flora_water_b, layout_loops_ring,
          hellmonk_ecumenical_altar_watching_god, st_stairs_11
D:2:      layout_basic, serial_bayou, serial_bayou_pond_d, serial_bayou_pond_b,
          serial_bayou_lagoon_a, serial_bayou_pond_e, serial_shops, shop
D:3:      layout_rooms, kennysheep_donut, serial_bayou_pond_d

Skill      XL: |  1  2  3 |
---------------+----------+-----
Fighting       | 2 3 |  3.6
Throwing       | |  1.2
Armour         | |  1.2
Spellcasting   | |  1.3
Poison Magic   | |  1.2
Invocations    | |  1.2
Evocations     | |  4.8

Action                   || total
-------------------------++-------
Melee: Dagger            ||   165
       Punch             ||     5
  Use: Scroll            ||     1
Armor: Robe              ||    66
Dodge: Dodged            ||   112

Table legend: (Time is in decaauts)
 A = Elapsed time spent in this place.
 B = Non-inter-level travel time spent in this place.
 C = Inter-level travel time spent in this place.
 D = Time resting spent in this place.
 E = Time spent auto-exploring this place.
 F = Levels seen in this place.
 G = Mean time per level.
                   A        B        C        D        E       F      G
               +--------+--------+--------+--------+--------+-----+--------+
         Total |   1113 |   1102 |     11 |    227 |    464 |   3 |  371.0 |
       Dungeon |   1113 |   1102 |     11 |    227 |    464 |   3 |  371.0 |
               +--------+--------+--------+--------+--------+-----+--------+

Top non-repeatable levels by time:
     D:1: 1029 daAuts
     D:2: 82 daAuts
     D:3: 1 daAuts
